 Dungeon Crawl Stone Soup version 0.31-a0-963-ga325b2283a (webtiles) character file.

Game seed: 16339503035759710294

212 CowFu the Trooper (level 5, -7/38 HPs)
             Began as an Octopode Monk on Oct 25, 2023.
             Mangled by a gnoll
             ... wielding a +0 halberd
              (15 damage)
             ... on level 5 of the Dungeon.
             The game lasted 00:02:29 (2266 turns).

CowFu the Trooper (Octopode Monk)                   Turns: 2266, Time: 00:02:30

Health: -7/38      AC:  1    Str: 13    XL:     5   Next: 89%
Magic:  5/5        EV: 14    Int: 12    God:
Gold:   105        SH:  0    Dex: 14    Spells: 4/4 levels left

rFire   + .          .
                       - Unarmed
rCold   x . .        b - orb {light}
rNeg    + . .        (helmet restricted)
rPois   .            n - amulet of regeneration
rElec   .            d - ring of flight
rCorr   .            j - ring of fire
SInv    .            p - ring of positive energy
Will    .....        (no ring)
Stlth   +            (no ring)
HPRegen 1.06/turn    (no ring)
MPRegen 0.09/turn    (no ring)
                     (no ring)

%: no passive effects
@: flying, glowing
A: almost no armour, amphibious, 8 rings, camouflage 1, gelatinous body 1,
(nimble swimmer 1), tentacles
a: no special abilities


You were on level 5 of the Dungeon.
You visited 1 branch of the dungeon, and saw 5 of its levels.

You collected 105 gold pieces.

Inventory:

Armour
 b - an orb of light (worn)
Jewellery
 d - a ring of flight (left tentacle)
 j - a ring of fire (right tentacle)
 n - an amulet of regeneration (around mantle)
 p - a ring of positive energy (on tentacle)
Wands
 t - a wand of flame (8)
Scrolls
 c - a scroll of enchant weapon {unknown}
 e - a scroll of immolation {unknown}
 f - a scroll of brand weapon {unknown}
 k - 3 scrolls of identify {unknown}
 l - a scroll of fog {unknown}
 m - a scroll of enchant armour {unknown}
 r - a scroll of fear {unknown}
Potions
 a - a potion of ambrosia
 g - 3 potions of heal wounds {unknown}
 h - 2 potions of mutation {unknown}
 i - a potion of might {unknown}
 o - a potion of curing {unknown}
 q - a potion of enlightenment {unknown}
 s - a potion of brilliance {unknown}


   Skills:
 + Level 4.4 Fighting
 + Level 4.3 Dodging
 + Level 4.3 Unarmed Combat


You had 4 spell levels left.
You didn't know any spells.
Your spell library contained the following spells:

 Spells                   Type           Power      Damage    Failure   Level
 Shock                    Conj/Air       0%         1d3       32%         1
 Sting                    Tmut/Pois      0%         1d3       32%         1
 Poisonous Vapours        Pois/Air       0%         N/A       45%         2
 Ozocubu's Armour         Ice            0%         N/A       69%         3
 Swiftness                Air            0%         N/A       69%         3
 Airstrike                Air            0%         2d(0-16)  97%         4
 Olgreb's Toxic Radiance  Pois           0%         N/A       97%         4
 Metabolic Englaciation   Hex/Ice        0%         N/A       100%        5
 Simulacrum               Ice/Necr       0%         N/A       100%        6


Dungeon Overview and Level Annotations

Branches:
Dungeon (5/15)
 Temple: D:4-7

Altars:


Innate Abilities, Weirdness & Mutations

You cannot wear most types of armour.
You are amphibious.
You can wear up to eight rings at the same time.
Your skin changes colour to match your surroundings (Stealth+).
Your rubbery body absorbs attacks. (AC +1, EV +1)
((You are camouflaged when in or above water. (Stealth+)))
You have tentacles for arms and can constrict up to eight enemies at once.


Message History

The orc warrior is moderately wounded.
You constrict the orc warrior.
You hear a shout!
The iguana bites you.
* * * LOW HITPOINT WARNING * * *
The orc wizard casts a spell.
The orc wizard flickers and vanishes!
Deactivating autopickup; reactivate with Ctrl-A.
You release your grip on the orc warrior.
The orc warrior unwields a +0 short sword.
The orc warrior wields a +0 orcbow.
The orc warrior shoots an arrow.
The arrow closely misses you.
Things that are here:
a +0 dagger; a +0 robe The iguana attacks as it pursues you!
The iguana closely misses you. The iguana attacks as it pursues you!
The iguana bites you!
* * * LOW HITPOINT WARNING * * *
There is an escape hatch in the floor here.
The iguana bites you.
* * * LOW HITPOINT WARNING * * *
You fly downwards.
The hatch slams shut behind you.
Reactivating autopickup.
The gnoll shouts!
You hear a shout!
You tentacle-slap the iguana but do no damage.
You grab the iguana. You constrict the iguana. The iguana closely misses you.
You tentacle-slap the iguana. x2
The iguana is moderately wounded.
You constrict the iguana, but do no damage.
The iguana barely misses you.
You tentacle-slap the iguana but do no damage.
You tentacle-slap the iguana.
The iguana is heavily wounded.
You constrict the iguana.
A gnoll comes into view. It is wielding a +0 halberd.
The iguana closely misses you.
You tentacle-slap the iguana.
The iguana is severely wounded.
You constrict the iguana, but do no damage.
The gnoll hits you from afar with a +0 halberd!
You die...

#.....
+.....
#.....
+.....
#.....
#.....##
#....#
#.g.@#
#...l#
........+
..PP....#
~P~.....#
~.~.....#
~P~P.....
~PgP.####


You could see an iguana and 2 gnolls.

Vanquished Creatures
  An orc wizard (D:4)
  Natasha (thrice) (D:3)
  4 adders
  A gnoll (D:1)
  3 worms (D:3)
  2 dart slugs
  An orc (D:3)
  5 endoplasms
  7 giant cockroaches
  3 goblins
  5 hobgoblins
  6 kobolds
  2 quokkas
  6 ball pythons
  3 bats (D:1)
  4 frilled lizards
  5 rats
61 creatures vanquished.

Notes
Turn   | Place    | Note
-------+----------+-------------------------------------------
     0 | D:1      | CowFu the Octopode Monk began the quest for the Orb.
     0 | D:1      | Reached XP level 1. HP: 16/16 MP: 1/1
   104 | D:1      | Reached XP level 2. HP: 19/21 MP: 2/2
   384 | D:1      | Reached XP level 3. HP: 26/26 MP: 3/3
  1165 | D:2      | Reached XP level 4. HP: 31/33 MP: 4/4
  1502 | D:3      | Found a faded altar of an unknown god.
  1902 | D:3      | Noticed Natasha
  1907 | D:3      | Killed Natasha
  1908 | D:3      | Reached XP level 5. HP: 37/37 MP: 5/5
  2077 | D:3      | Noticed Natasha
  2083 | D:3      | Killed Natasha
  2134 | D:3      | Noticed Natasha
  2137 | D:3      | Killed Natasha
  2238 | D:4      | Noticed an orc warrior
  2262 | D:5      | Entered Level 5 of the Dungeon
  2266 | D:5      | Mangled by a gnoll

Illustrated notes

Levels and vault maps discovered:
D:1:      saegor_arrival_simple_c, layout_basic
D:2:      layout_rooms, serial_bayou_pond_c, fountainhead
D:3:      layout_loops_ring, nicolae_ecumenical_snake_handling, uniq_natasha
D:4:      layout_cave_pools, general_overflow_altar,
          minmay_temple_entry_nine_rooms, goddamned_bats, uniq_blork_the_orc
D:5:      layout_basic, minmay_misc_feat_doors,
          eino_small_chamber_without_monster, serial_bayou_lagoon_a,
          dreamdust_gnoll_farm, uniq_edmund, uniq_sigmund, uniq_duvessa

Skill      XL: |  1  2  3  4 |
---------------+-------------+-----
Fighting       | 4 |  4.4
Dodging        | 4 |  4.3
Unarmed Combat | 4 |  4.3

Action                     |  1- 3 |  4- 6 || total
---------------------------+-------+-------++-------
  Melee: Unarmed           |    60 |    59 ||   119
         Constrict         |    20 |    20 ||    40
         Tentacles         |     8 |    21 ||    29
         Punch             |     2 |     4 ||     6
 Armour: Skin              |    16 |    20 ||    36
  Dodge: Dodged            |    33 |    35 ||    68

Table legend: (Time is in decaauts)
 A = Elapsed time spent in this place.
 B = Non-inter-level travel time spent in this place.
 C = Inter-level travel time spent in this place.
 D = Time resting spent in this place.
 E = Time spent auto-exploring this place.
 F = Levels seen in this place.
 G = Mean time per level.
                   A        B        C        D        E       F      G
               +--------+--------+--------+--------+--------+-----+--------+
         Total |   2262 |   2109 |    153 |      0 |   1685 |   5 |  452.4 |
       Dungeon |   2262 |   2109 |    153 |      0 |   1685 |   5 |  452.4 |
               +--------+--------+--------+--------+--------+-----+--------+

Top non-repeatable levels by time:
     D:1: 892 daAuts
     D:3: 790 daAuts
     D:2: 481 daAuts
     D:4: 94 daAuts
     D:5: 3 daAuts
